 Dungeon Crawl Stone Soup version 0.20.1-1-g8b1a95d (webtiles) character file.

941 Mitsuki the Digger (level 8, -10/42 HPs)
             Began as a Gargoyle Earth Elementalist on Oct 1, 2017.
             Mangled by Prince Ribbit (13 damage)
             ... on level 5 of the Dungeon on Oct 2, 2017.
             The game lasted 00:18:25 (6252 turns).

Mitsuki the Digger (Gargoyle Earth Elementalist)    Turns: 6252, Time: 00:18:26

Health: -10/42     AC: 10    Str: 12    XL:     8   Next: 12%
Magic:  12/15      EV: 12    Int: 18    God:
Gold:   181        SH:  0    Dex: 10    Spells: 7/16 levels left

rFire    . . .     SeeInvis .   r - -2 mace (curse)
rCold    . . .     Gourm    .   (no shield)
rNeg     + . .     Faith    .   c - +0 robe
rPois    ∞         Spirit   .   a - +0 helmet
rElec    +         Reflect  .   o - +0 cloak (curse)
rCorr    .         Harm     .   (no gloves)
MR       .....                  n - +0 pair of boots
Stlth    ++........             (no amulet)
Regen    0.2/turn               (no ring)
MPRegen  0.2/turn               (no ring)

@: no status effects
A: negative energy resistance 1, electricity resistance, unbreathing,
petrification resistance, rot immunity, AC +5
a: no special abilities


You were on level 5 of the Dungeon.
You were hungry.

You visited 1 branch of the dungeon, and saw 5 of its levels.

You collected 181 gold pieces.

Inventory:

Hand Weapons
 m - a +2 whip of electrocution
 r - a cursed -2 mace (weapon)
Missiles
 b - 29 stones (quivered)
Armour
 a - a +0 helmet (worn)
 c - a +0 robe (worn)
 n - a +0 pair of boots (worn)
 o - a cursed +0 cloak (worn)
 p - a +1 leather armour of fire resistance
Scrolls
 f - 4 scrolls of identify
 l - 2 scrolls of teleportation
Potions
 g - 4 potions of heal wounds
 i - 3 potions of agility {unknown}
 j - a potion of ambrosia {unknown}
 k - a potion of curing {unknown}
Books
 e - a book of Geomancy

   Spells                             Type                      Level
   a - Sandblast                      Earth                        1
   b - Passwall                       Transmutation/Earth          2
   c - Stone Arrow                    Conjuration/Earth            3
   d - Petrify                        Transmutation/Earth          4
   e - Lee's Rapid Deconstruction     Earth                        5
Comestibles
 d - 3 bread rations
 h - a meat ration
 q - a royal jelly


   Skills:
 + Level 0.7 Fighting
 + Level 0.8 Maces & Flails
 + Level 0.7 Armour
 + Level 1.7 Dodging
 - Level 2.1 Stealth
 + Level 4.9 Spellcasting
 + Level 5.2 Conjurations
   Level 0.7 Transmutations
 + Level 7.2 Earth Magic


You had 7 spell levels left.
You knew the following spells:

 Your Spells              Type           Power        Failure   Level  Hunger
a - Sandblast             Erth           ####..       1%          1    None
b - Stone Arrow           Conj/Erth      ####..       3%          3    ###....
c - Lee's Rapid Deconstr  Erth           ####......   19%         5    ######.


Dungeon Overview and Level Annotations

Branches:
Dungeon (5/15)
 Temple: D:4-7

Altars:
Fedhas
Qazlal
Ru
Yredelemnul

Annotations:
D:5 Prince Ribbit


Innate Abilities, Weirdness & Mutations

You are resistant to torment.
Your stone body is resilient. (AC +5)
You are immune to poison.
You resist negative energy. (rN+)
You are resistant to electric shocks. (rElec)
You can survive without breathing.
You are immune to petrification.
You are immune to rotting.


Message History

Prince Ribbit is lightly wounded.
Prince Ribbit hits you. Prince Ribbit hits you!
* * * LOW HITPOINT WARNING * * *
You closely miss Prince Ribbit.
Prince Ribbit is lightly wounded.
Prince Ribbit barely misses you. Prince Ribbit hits you.
* * * LOW HITPOINT WARNING * * *
Casting: Stone Arrow
Confirm with . or Enter, or press ? or * to list all spells.
Aiming: Stone Arrow
Press: ? - help, Shift-Dir - straight line, f - Prince Ribbit
Aim: Prince Ribbit (lightly wounded)
The stone arrow hits Prince Ribbit.
Prince Ribbit is moderately wounded.
Prince Ribbit catches a fly with his tongue.
Prince Ribbit closely misses you. The adder closely misses you.
You closely miss Prince Ribbit.
Prince Ribbit is moderately wounded.
Prince Ribbit hits you!
You die...

...........#
...........###
.............####
.........#......####
...................####.
.......<#.##............
.......##.#####.........
#.....# #.# #.........
#.._.. #.# #@S.......
#.... .## #F........
#.... . #......... ###.
. #......... #. ..
#......... #.........
#......... .#.......


You could see Prince Ribbit and an adder.

Vanquished Creatures
  A water moccasin (D:4)
  The ghost of Mitsuki the Digger, an amateur GrEE (D:3)
  2 phantoms (D:4)
  2 ogres
  Crazy Yiuf (D:4)
  A hound (D:4)
  An orc priest (D:4)
  An orc wizard (D:4)
  Jessica (D:3)
  A hound zombie (D:4)
  4 gnolls (D:2)
  7 adders
  An ooze (D:3)
  3 worms
  3 leopard geckos
  18 orcs
  4 giant cockroaches
  8 goblins
  8 hobgoblins
  13 jackals
  5 kobolds
  2 quokkas
  A ball python (D:3)
  9 bats
  3 frilled lizards
  9 rats
  A spectral orc (D:2)
111 creatures vanquished.

Notes
Turn   | Place    | Note
-------+----------+-------------------------------------------
     0 | D:1      | Mitsuki the Gargoyle Earth Elementalist began the quest for the Orb.
     0 | D:1      | Reached XP level 1. HP: 10/10 MP: 3/3
    92 | D:1      | Reached skill level 4 in Earth Magic
   101 | D:1      | Reached XP level 2. HP: 4/15 MP: 5/5
   877 | D:1      | Reached XP level 3. HP: 15/19 MP: 6/6
   886 | D:1      | Learned a level 3 spell: Stone Arrow
  1337 | D:2      | Found a basalt altar of Yredelemnul.
  1537 | D:2      | Reached skill level 1 in Conjurations
  1586 | D:2      | Reached XP level 4. HP: 16/24 MP: 4/8
  2423 | D:3      | Reached skill level 5 in Earth Magic
  2563 | D:3      | Reached XP level 5. HP: 21/28 MP: 7/9
  2569 | D:3      | Noticed Mitsuki's ghost (amateur GrEE)
  2576 | D:3      | Killed Mitsuki's ghost
  2684 | D:3      | Reached XP level 6. HP: 32/32 MP: 11/11
  2691 | D:3      | Learned a level 5 spell: Lee's Rapid Deconstruction
  3286 | D:3      | Noticed Jessica
  3295 | D:3      | Killed Jessica
  4043 | D:4      | Noticed a phantom
  4109 | D:4      | Reached skill level 6 in Earth Magic
  4499 | D:3      | Reached XP level 7. HP: 28/36 MP: 4/13
  4953 | D:4      | Found a blossoming altar of Fedhas.
  5082 | D:4      | Found a runed door.
  5416 | D:4      | Found a stormy altar of Qazlal.
  5576 | D:4      | Reached skill level 5 in Conjurations
  5576 | D:4      | Reached skill level 7 in Earth Magic
  6050 | D:4      | Noticed Crazy Yiuf
  6052 | D:4      | Killed Crazy Yiuf
  6052 | D:4      | Reached XP level 8. HP: 41/41 MP: 8/15
  6231 | D:5      | Entered Level 5 of the Dungeon
  6231 | D:5      | Found a sacrificial altar of Ru.
  6232 | D:5      | Noticed Prince Ribbit
  6250 | D:5      | HP: 2/42 [Prince Ribbit (4)]
  6252 | D:5      | Mangled by Prince Ribbit

Skill      XL: |  1  2  3  4  5  6  7 |
---------------+----------------------+-----
Earth Magic    | 4 5 6 7 |  7.2
Conjurations   | 1 2 4 5 |  5.2
Spellcasting   | 3 4 |  4.9
Fighting       | |  0.7
Maces & Flails | |  0.8
Armour         | |  0.7
Dodging        | |  1.7
Stealth        | |  2.1
Transmutations | |  0.7

Action                   |  1- 3 |  4- 6 |  7- 9 || total
-------------------------+-------+-------+-------++-------
Melee: Dagger            |   219 |       |       ||   219
       Whip              |       |   142 |    82 ||   224
       Falchion          |       |   147 |       ||   147
       Mace              |       |       |     8 ||     8
 Cast: Sandblast         |    10 |    40 |     3 ||    53
       Stone Arrow       |       |     1 |    12 ||    13
  Use: Scroll            |     1 |     3 |     2 ||     6
 Stab: Sleeping          |     1 |     3 |       ||     4
  Eat: Chunk             |     3 |     9 |     4 ||    16
       Royal jelly       |       |       |     1 ||     1
Armor: Robe              |    77 |   127 |    20 ||   224
Dodge: Dodged            |   169 |   209 |    62 ||   440
       Rpst.: Falchion   |       |    39 |       ||    39
